[Event "Championnat de France Universitaire Nan"]
[Site "Nancy, France"]
[Date "2020.02.08"]
[Round "1.1"]
[White "Rakotomaharo, Fy Antenaina"]
[Black "Akulyan, Lyova"]
[Result "1-0"]
[WhiteElo "2430"]
[BlackElo "1907"]
[PlyCount "47"]
[EventDate "2020.??.??"]
[TimeControl "15+5"]
[WhiteClock "0:07:45"]
[BlackClock "0:00:40"]

1. e4 e5 2. Nf3 Nc6 3. Bc4 Bc5 4. c3 Nf6 5. d3 h6 6. O-O d6 7. Re1 O-O 8.
h3 Be6 9. Bb5 a6 10. Bxc6 bxc6 11. d4 exd4 12. cxd4 Bb4 13. Bd2 Rb8 14. Nc3 Re8 15. Qc2 c5 16. d5 Bd7 17. Bf4 Bxc3 18. bxc3 Rb6 19. Nd2 Qe7 20. Nc4 Rb7 21. Rad1 Nxd5 22. exd5 Qxe1+ 23. Rxe1 Rxe1+ 24. Kh2 1-0

[Event "Championnat de France Universitaire Nan"]
[Site "Nancy, France"]
[Date "2020.02.08"]
[Round "1.2"]
[White "Bourgoin, Cecile"]
[Black "Msellek, Ilyass"]
[Result "0-1"]
[WhiteElo "1688"]
[BlackElo "2261"]
[PlyCount "72"]
[EventDate "2020.??.??"]
[TimeControl "15+5"]
[WhiteClock "0:00:59"]
[BlackClock "0:02:02"]

1. d4 d6 2. Nf3 g6 3. Bf4 Bg7 4. e3 Nd7 5. h3 e5 6. dxe5 dxe5 7. Bh2 Ne7 8.
Nbd2 O-O 9. Bc4 Nf5 10. c3 Nd6 11. Bb3 b6 12. O-O Ba6 13. Re1 Qe7 14. Bd5 Rac8 15. Ne4 Nxe4 16. Bxe4 Nc5 17. Bc6 Rfd8 18. Qc2 Bd3 19. Qc1 Rd6 20. Nd4 exd4 21. exd4 Ne6 22. Bxd6 Qxd6 23. Bf3 c5 24. dxc5 bxc5 25. Qd2 c4 26. b3 cxb3 27. axb3 Bxc3 28. Qc1 Rc7 29. Rd1 Bxa1 30. Qxa1 Qf4 31. Qa3 Be4 32. Bg4 Bf5 33. Bf3 Bxh3 34. Bd5 Rd7 35. Qa4 Qxa4 36. bxa4 Bxg2 0-1

[Event "Championnat de France Universitaire Nan"]
[Site "Nancy, France"]
[Date "2020.02.08"]
[Round "1.3"]
[White "Gatineau, Yovann"]
[Black "Budak, Lori"]
[Result "1-0"]
[WhiteElo "2381"]
[BlackElo "1655"]
[PlyCount "63"]
[EventDate "2020.??.??"]
[TimeControl "15+5"]
[WhiteClock "0:02:30"]
[BlackClock "0:00:08"]

1. d4 Nf6 2. Bf4 g6 3. Nc3 Bg7 4. e4 d6 5. Qd2 h5 6. O-O-O a6 7. f3 b5 8. Kb1 Nc6 9. h4 Nd7 10. Be3 Nb6 11. b3 Bd7 12. Nh3 Qb8 13. Nd5 a5 14. Nxb6 cxb6 15. Bxb5 a4 16. Nf4 axb3 17. cxb3 Qa7 18. Ne2 Na5 19. Bxd7+ Kxd7 20. Nc1 Rhc8 21. Qb2 Rc7 22. Ne2 Rac8 23. Rc1 Rxc1+ 24. Rxc1 Rxc1+ 25. Qxc1 Nc6 26. Qc4 e6 27. Qb5 Kc7 28. d5 Ne5 29. dxe6 fxe6 30. Nf4 Qa3 31. Nxe6+ Kc8 32. Qxb6 1-0

[Event "Championnat de France Universitaire Nan"]
[Site "Nancy, France"]
[Date "2020.02.08"]
[Round "1.4"]
[White "Lucas, Charles"]
[Black "Daeschler, Florian"]
[Result "0-1"]
[WhiteElo "1626"]
[BlackElo "2327"]
[PlyCount "86"]
[EventDate "2020.??.??"]
[TimeControl "15+5"]
[WhiteClock "0:00:53"]
[BlackClock "0:01:59"]

1. d4 d5 2. c4 e6 3. Nc3 Nf6 4. Nf3 Be7 5. Bf4 O-O 6. e3 b6 7. cxd5 Nxd5 8.
Nxd5 Qxd5 9. Bd3 Bb4+ 10. Ke2 Ba6 11. a3 Be7 12. Rc1 Bd6 13.
Bxd6 Bxd3+ 14. Qxd3 Qxd6 15. Rc3 Nd7 16. Rhc1 c5 17. Ng5 Qxh2 18. Nf3 Qh5 19. b4 cxd4 20. Qxd4 Nf6 21. Rc4 Rad8 22. Qh4 Qd5 23. Qd4 Qb5 24. Qe5 Rd5 25. Qc7 a5 26. Nd4 Qa4 27. R1c3 Ne4 28.
bxa5 Nxc3+ 29. Rxc3 Qxa5 30. Rb3 Qa6+ 31. Kf3 Qa8 32. Ke2 Rxd4 33. exd4 Qe4+ 34. Re3 Qxd4 35. Qc3 Qd5 36. f3 h6 37. Re5 Qa2+ 38.
Ke3 Ra8 39. Kf4 Qxg2 40. Rb5 Ra4+ 41. Ke3 Qg1+ 42. Kd2 Qf2+ 43.
Kc1 Qf1+ 0-1

[Event "Championnat de France Universitaire Nan"]
[Site "Nancy, France"]
[Date "2020.02.08"]
[Round "1.5"]
[White "Defromont, Benjamin"]
[Black "Le Bihan, Alison"]
[Result "1-0"]
[WhiteElo "2263"]
[BlackElo "1724"]
[PlyCount "39"]
[EventDate "2020.??.??"]
[TimeControl "15+5"]
[WhiteClock "0:08:46"]
[BlackClock "0:01:20"]

1. e4 c5 2. Nf3 g6 3. d4 cxd4 4. Qxd4 Nf6 5. e5 Nc6 6. Qa4 Nd5 7. Qb3 Nb6 8.
Bf4 Bg7 9. Nc3 O-O 10. O-O-O Kh8 11. h4 Qe8 12. h5 Kg8 13. hxg6 hxg6 14. Bd3 e6 15. Ne4 Nd5 16. Bh6 Nce7 17. c4 Nb6 18. Nf6+ Bxf6 19. exf6 Nf5 20. Bxf5 1-0

[Event "Championnat de France Universitaire Nan"]
[Site "Nancy, France"]
[Date "2020.02.08"]
[Round "1.6"]
[White "Negrier, Augustin"]
[Black "Belhadj, Seyfedine"]
[Result "0-1"]
[WhiteElo "1700"]
[BlackElo "1640"]
[PlyCount "74"]
[EventDate "2020.??.??"]
[TimeControl "15+5"]
[WhiteClock "0:00:12"]
[BlackClock "0:03:12"]

1. d4 Nf6 2. Bf4 d5 3. e3 c5 4. Nd2 Nc6 5. c3 Bf5 6. Ngf3 h6 7. Nb3 c4 8. Nbd2 e6 9. b3 b5 10. a4 b4 11. cxb4 c3 12. Bb5 cxd2+ 13. Qxd2 Qb6 14. O-O a6 15. Bxc6+ Qxc6 16. Rac1 Qb6 17. b5 axb5 18. Bc7 Qb7 19. a5 Ba3 20. Ra1 Qxc7 21. Rxa3 O-O 22. Rc1 Qb7 23. b4 Ne4 24. Qe2 Nd6 25. Ne5 Nc4 26. Rac3 f6 27. Nd3 Bxd3 28. Qxd3 Qe7 29. Rb3 Ra7 30. f3 Rc8 31. e4 Rac7 32. Ra1 Qd6 33. f4 Qxf4 34. exd5 exd5 35. a6 Qe4 36. Qg3 Qxd4+ 37. Kh1 Qxa1+ 0-1

[Event "Championnat de France Universitaire Nan"]
[Site "Nancy, France"]
[Date "2020.02.08"]
[Round "1.7"]
[White "Budak, Rewi"]
[Black "Bord, Romain"]
[Result "1-0"]
[WhiteElo "2079"]
[BlackElo "1534"]
[PlyCount "53"]
[EventDate "2020.??.??"]
[TimeControl "15+5"]
[WhiteClock "0:00:53"]
[BlackClock "0:00:24"]

1. e4 e5 2. Bc4 Nc6 3. Nf3 Nf6 4. d4 exd4 5. Ng5 d5 6. exd5 Na5 7. Qxd4 Nxc4 8. Qxc4 Nxd5 9. O-O Be7 10. Nc3 c6 11. Nxd5 Qxd5 12. Qxd5 cxd5 13. Re1 h6 14. Nf3 Be6 15. Bf4 O-O-O 16. Nd4 Bd6 17. Be3 a6 18.
Rac1 Kd7 19. Rcd1 Rc8 20. c3 Rhe8 21. f4 Bg4 22. Rd2 Bxf4 23.
Nc2 Bxe3+ 24. Nxe3 Rc5 25. Kf2 Be6 26. c4 Kc6 27. b4 1-0

[Event "Championnat de France Universitaire Nan"]
[Site "Nancy, France"]
[Date "2020.02.08"]
[Round "1.8"]
[White "Pelhate, Eric"]
[Black "Ginovart, Axel"]
[Result "0-1"]
[WhiteElo "1560"]
[BlackElo "2164"]
[PlyCount "64"]
[EventDate "2020.??.??"]
[TimeControl "15+5"]
[WhiteClock "0:00:19"]
[BlackClock "0:02:45"]

1. c4 Nf6 2. Nc3 d5 3. cxd5 Nxd5 4. g3 c6 5. Bg2 g6 6. d4 Bg7 7. e4 Nb6 8. Be3 Nc4 9. Qe2 Nxe3 10. fxe3 b6 11. Nf3 O-O 12. Qd2 Ba6 13. Ne2 e5 14. Rd1 exd4 15. exd4 Qe7 16. Qc2 Re8 17. e5 Nd7 18. O-O c5 19. Rde1 cxd4 20.
Nfxd4 Rac8 21. Qb3 Bc4 22. Qf3 Nxe5 23. Qf4 Nd3 24. Nc6 Rxc6 25. Bxc6 Nxf4 26. Bxe8 Nxe2+ 27. Kf2 Bd4+ 28. Kg2 Bd5+ 29. Kh3 Qe6+ 30. g4 Qxe8 31. Kh4 Qe7+ 32. Kh3 Qe3+ 0-1

[Event "Championnat de France Universitaire Nan"]
[Site "Nancy, France"]
[Date "2020.02.08"]
[Round "2.1"]
[White "Buttard, Axel"]
[Black "Rakotomaharo, Fy Antenaina"]
[Result "0-1"]
[WhiteElo "1905"]
[BlackElo "2430"]
[PlyCount "42"]
[EventDate "2020.??.??"]
[TimeControl "15+5"]
[WhiteClock "0:00:07"]
[BlackClock "0:05:36"]

1. d4 Nf6 2. Bf4 g6 3. Nc3 d5 4. Qd2 c6 5. O-O-O Nbd7 6. h4 b5 7. e3 Qa5 8. Kb1 b4 9. Nce2 Nb6 10. Nc1 Nc4 11. Qe1 Bg7 12. Nd3 Ne4 13.
f3 Nc3+ 14. bxc3 bxc3 15. Ka1 Na3 16. Qf2 Qa4 17. Rc1 e5 18.
Bxe5 Bxe5 19. Nxe5 Rb8 20. Nd3 Rb2 21. Nc5 Nxc2+ 0-1

[Event "Championnat de France Universitaire Nan"]
[Site "Nancy, France"]
[Date "2020.02.08"]
[Round "2.2"]
[White "Msellek, Ilyass"]
[Black "Kajganic, Fabien"]
[Result "1-0"]
[WhiteElo "2261"]
[BlackElo "1908"]
[PlyCount "63"]
[EventDate "2020.??.??"]
[TimeControl "15+5"]
[WhiteClock "0:01:48"]
[BlackClock "0:00:12"]

1. e4 d6 2. d4 g6 3. h4 Nf6 4. Nc3 Bg7 5. Be2 h5 6. Bg5 c6 7. Nh3 Qa5 8. f3 b5 9. a3 Bxh3 10. Rxh3 Nbd7 11. Qd2 a6 12. Be3 e5 13. dxe5 dxe5 14. Rh1 Rd8 15. Kf2 Nf8 16. Qc1 Ne6 17. Na2 Nd4 18. Nb4 Rd6 19. Bxd4 exd4 20. e5 Bh6 21. f4 d3 22. exd6 Qb6+ 23. Qe3+ Qxe3+ 24. Kxe3 dxe2 25.
Nxc6 Nd5+ 26. Kxe2 Nxf4+ 27. Kf3 Ne6 28. Rad1 Kd7 29. Ne5+ Kc8 30. Rhe1 f6 31. d7+ Kc7 32. Nf7 1-0

[Event "Championnat de France Universitaire Nan"]
[Site "Nancy, France"]
[Date "2020.02.08"]
[Round "2.3"]
[White "Condat, Hugo"]
[Black "Gatineau, Yovann"]
[Result "0-1"]
[WhiteElo "1946"]
[BlackElo "2381"]
[PlyCount "106"]
[EventDate "2020.??.??"]
[TimeControl "15+5"]
[WhiteClock "0:05:36"]
[BlackClock "0:00:55"]

1. e4 c5 2. Nf3 d6 3. d4 Nf6 4. Nc3 cxd4 5. Qxd4 e5 6. Bb5+ Nbd7 7. Qe3 a6 8. Bc4 b5 9. Bd5 Nxd5 10. Nxd5 Bb7 11. O-O Bxd5 12. exd5 Be7 13. Rd1 O-O 14. Qe2 Nb6 15. Be3 f5 16. Bxb6 Qxb6 17. a4 Bf6 18.
axb5 e4 19. Nd2 axb5 20. c3 Be5 21. Nb3 b4 22. Nd4 Rxa1 23. Rxa1 Bxd4 24. cxd4 Qxd4 25. Rd1 Qc5 26. h3 h6 27. Qd2 f4 28. Qd4 Qc2 29. Rd2 Qc5 30. Qxc5 dxc5 31. Rc2 Rc8 32. Rc4 e3 33. fxe3 fxe3 34. Kf1 Kf7 35. Re4 Rd8 36. Ke2 Rxd5 37. Kxe3 Kf6 38. Rc4 Ke6 39. h4 Kd6 40. Rg4 Re5+ 41. Kd3 g5 42. hxg5 Rxg5 43. Rh4 h5 44. Rh3 Rxg2 45. Rxh5 Rxb2 46. Rh6+ Kd5 47. Rh5+ Kc6 48. Kc4 Rc2+ 49. Kb3 Rc3+ 50. Kb2 Kb5 51. Rh8 Rg3 52. Rh4 Rg2+ 53. Kb1 c4 0-1

[Event "Championnat de France Universitaire Nan"]
[Site "Nancy, France"]
[Date "2020.02.08"]
[Round "2.4"]
[White "Daeschler, Florian"]
[Black "Fischer Schilling, Ian"]
[Result "1-0"]
[WhiteElo "2327"]
[BlackElo "1810"]
[PlyCount "89"]
[EventDate "2020.??.??"]
[TimeControl "15+5"]
[WhiteClock "0:05:35"]
[BlackClock "0:00:24"]

1. d4 d5 2. c4 e6 3. Nf3 Nf6 4. g3 Be7 5. Bg2 O-O 6. O-O b6 7. cxd5 exd5 8.
Nc3 h6 9. Bf4 Nh5 10. Bd2 Be6 11. Ne5 Nf6 12. Rc1 Nfd7 13. Nf3 c5 14. Bf4 c4 15. Nd2 g5 16. Nxd5 Nc6 17. Nxe7+ Nxe7 18. Bd6 Rc8 19. e4 Nf6 20. Bxe7 Qxe7 21. d5 Bg4 22. f3 Bd7 23. Nxc4 Bb5 24. b3 Qb4 25. Qd4 Nd7 26. Bh3 Bxc4 27. Rxc4 Rxc4 28. Qxc4 Qxc4 29. bxc4 Ne5 30. Kf2 Nxc4 31. Rc1 b5 32. a4 Nb2 33. Rc7 Nxa4 34. Rxa7 Rb8 35. Bd7 Nc5 36. Bc6 Nd3+ 37. Ke3 Ne5 38. h3 Kf8 39. f4 Nxc6 40. dxc6 Ke8 41. Kd4 Rd8+ 42. Kc5 Rd3 43. fxg5 hxg5 44. Kb6 Rc3 45. e5 {[%emt 0:00:11] Ke7 [%emt 00:00:02] Ra8 Kd7 [%emt 00:00:03] c7 Ke7
[%emt 00:00:05] Rd8} 1-0

[Event "Championnat de France Universitaire Nan"]
[Site "Nancy, France"]
[Date "2020.02.08"]
[Round "2.5"]
[White "Roch, Florian"]
[Black "Defromont, Benjamin"]
[Result "0-1"]
[WhiteElo "1959"]
[BlackElo "2263"]
[PlyCount "112"]
[EventDate "2020.??.??"]
[TimeControl "15+5"]
[WhiteClock "0:00:06"]
[BlackClock "0:00:18"]

1. e4 e5 2. Nf3 Nc6 3. Bb5 a6 4. Ba4 Nf6 5. O-O Be7 6. Re1 b5 7. Bb3 d6 8. c3 O-O 9. h3 Nb8 10. d4 Nbd7 11. Nbd2 Bb7 12. Bc2 Re8 13. Nf1 Bf8 14. Ng3 g6 15. a4 c5 16. d5 c4 17. Be3 Nc5 18. Bxc5 dxc5 19. Qd2 Qc7 20. Rad1 Rad8 21. axb5 axb5 22. Ra1 Ra8 23. Qg5 Bg7 24. Nh2 Nd7 25. Ng4 Qd8 26. h4 Nb6 27. Qxd8 Rexd8 28. h5 h6 29. Red1 Nc8 30. Rxa8 Bxa8 31. Ra1 Bb7 32. Ne3 Nd6 33. Kf1 Ra8 34. Rxa8+ Bxa8 35. Ke2 Kf8 36. Bd1 Ke7 37. Kd2 Bb7 38. Bg4 Ba6 39. f3 Bf6 40.
Bh3 Bg5 41. Ke2 Bf4 42. hxg6 fxg6 43. Ngf1 h5 44. g3 Bh6 45. Be6 b4 46. Nd1 Nb5 47. Nfe3 Nd6 48. Kf2 Bb5 49. Ke2 Ba4 50. Nf2 Bb5 51. Nfd1 Kf6 52. Nf2 Ba4 53. Ng2 Bc2 54. f4 Nxe4 55. fxe5+ Kxe5 56. Nxe4 Bxe4 0-1

[Event "Championnat de France Universitaire Nan"]
[Site "Nancy, France"]
[Date "2020.02.08"]
[Round "2.6"]
[White "Belhadj, Seyfedine"]
[Black "Alloui-Cros, Baptiste"]
[Result "0-1"]
[WhiteElo "1640"]
[BlackElo "2141"]
[PlyCount "72"]
[EventDate "2020.??.??"]
[TimeControl "15+5"]
[WhiteClock "0:01:59"]
[BlackClock "0:00:25"]

1. e4 Nf6 2. e5 Nd5 3. d4 d6 4. exd6 cxd6 5. Bc4 Nb6 6. Bb3 g6 7. Ne2 Bg7 8. O-O O-O 9. Bg5 Qc7 10. Ng3 Nc6 11. c3 h6 12. Be3 Na5 13.
Bc2 Nac4 14. Qc1 Nxe3 15. fxe3 e5 16. Nd2 Be6 17. Qd1 Nc4 18.
Nxc4 Bxc4 19. Bd3 f5 20. Bxc4+ Qxc4 21. Qf3 b5 22. Rfc1 e4 23. Qf4 Qe6 24. h4 d5 25. Nf1 Qe7 26. Nd2 g5 27. Qf2 f4 28. hxg5 Qxg5 29. a4 fxe3 30. Qe2 exd2 31. Rd1 e3 32.
Rf1 Rxf1+ 33. Rxf1 Rf8 34. axb5 Rxf1+ 35. Kxf1 Qf6+ 36. Qf3 d1=Q# 0-1

[Event "Championnat de France Universitaire Nan"]
[Site "Nancy, France"]
[Date "2020.02.08"]
[Round "2.7"]
[White "Boutillon, Nathanael"]
[Black "Budak, Rewi"]
[Result "0-1"]
[WhiteElo "1900"]
[BlackElo "2079"]
[PlyCount "58"]
[EventDate "2020.??.??"]
[TimeControl "15+5"]
[WhiteClock "0:03:21"]
[BlackClock "0:02:23"]

1. e4 c5 2. Nf3 Nc6 3. d4 cxd4 4. Nxd4 Qb6 5. Nf3 e6 6. Be2 Nf6 7. e5 Ng4 8.
O-O Ngxe5 9. Nc3 Be7 10. Nxe5 Nxe5 11. Be3 Qc6 12. Bb5 Qc7 13. Bf4 O-O 14. Ne4 d5 15. Qd4 Nf3+ 16. gxf3 Qxf4 17. Rfe1 dxe4 18. Rxe4 Qg5+ 19. Rg4 Qf6 20. Qe4 Qf5 21. Qe2 Bf6 22. Bd3 Qh5 23. f4 Kh8 24. Kh1 e5 25. Rxg7 Qxe2 26. Rxh7+ Kg8 27. Rg1+ Qg4 28. h3 Qxg1+ 29. Kxg1 exf4 0-1

[Event "Championnat de France Universitaire Nan"]
[Site "Nancy, France"]
[Date "2020.02.08"]
[Round "2.8"]
[White "Ginovart, Axel"]
[Black "Rousseau, Matthieu"]
[Result "1-0"]
[WhiteElo "2164"]
[BlackElo "1868"]
[PlyCount "103"]
[EventDate "2020.??.??"]
[TimeControl "15+5"]
[WhiteClock "0:05:21"]
[BlackClock "0:09:50"]

1. e4 e6 2. d4 d5 3. Nc3 Bb4 4. e5 c5 5. a3 cxd4 6. axb4 dxc3 7. Qg4 Kf8 8.
b3 Qc7 9. Nf3 Nc6 10. Qf4 Nge7 11. Bd3 f6 12. exf6 Qxf4 13. fxe7+ Kxe7 14. Bxf4 Nxb4 15. Be5 Bd7 16. Bxc3 Nxd3+ 17. cxd3 Rhg8 18. O-O a6 19. Ne5 Bb5 20. f4 g6 21. Rfc1 Rac8 22. Bb4+ Kf6 23. Ng4+ Kf5 24. Nh6+ Kxf4 25. Re1 Kg5 26. Bd2+ Kf6 27. Rf1+ Ke5 28. Nxg8 Rxg8 29. Rfe1+ Kd6 30. d4 Rg7 31. Bf4+ Kd7 32. Rac1 Bc6 33. Be5 Rf7 34. Rf1 Rf5 35. g4 Rxf1+ 36. Rxf1 Ke7 37. Kg2 Bb5 38. Rf2 Bd3 39. Kg3 a5 40. Bc7 a4 41. bxa4 Ke8 42. Bd6 h6 43. Rf3 Bc2 44. a5 Kd7 45.
Bc5 h5 46. g5 Kd8 47. Rf7 Kc8 48. Bb6 Bf5 49. Kf4 Bd3 50. Ke5 Bf5 51. Kd6 Bg4 52. Rf8# 1-0

[Event "Championnat de France Universitaire Nan"]
[Site "Nancy, France"]
[Date "2020.02.08"]
[Round "3.1"]
[White "Rakotomaharo, Fy Antenaina"]
[Black "Kouoi, Bertrand"]
[Result "1-0"]
[WhiteElo "2430"]
[BlackElo "2055"]
[PlyCount "74"]
[EventDate "2020.??.??"]
[TimeControl "15+5"]
[WhiteClock "0:08:03"]
[BlackClock "0:00:10"]

1. e4 c5 2. Nf3 Nc6 3. Nc3 g6 4. d4 cxd4 5. Nxd4 Bg7 6. Be3 Nf6 7. Bc4 O-O 8. Bb3 d6 9. h3 Bd7 10. O-O a6 11. f4 Rc8 12. Nf3 Qc7 13.
Qe1 Na5 14. e5 Ne8 15. Nd5 Nxb3 16. Nxc7 Nxa1 17. Qxa1 Rxc7 18. c3 Bb5 19. Re1 e6 20. Bd4 d5 21. Qd1 Rc8 22. g4 Nc7 23. Kh2 Bd7 24. g5 Rfd8 25. Bb6 Re8 26. Kg3 Kh8 27. h4 Rg8 28. h5 Ne8 29. Rh1 Bf8 30. hxg6 fxg6 31. Nh4 Kg7 32. Qd4 Rc4 33. Qf2 Kf7 34. Nf3 Rh8 35. f5 gxf5 36. Bd4 Rc8 37.
Qh2 Ng7 1-0

[Event "Championnat de France Universitaire Nan"]
[Site "Nancy, France"]
[Date "2020.02.08"]
[Round "3.2"]
[White "Schmuck, Corentin"]
[Black "Msellek, Ilyass"]
[Result "0-1"]
[WhiteElo "2013"]
[BlackElo "2261"]
[PlyCount "94"]
[EventDate "2020.??.??"]
[TimeControl "15+5"]
[WhiteClock "0:00:08"]
[BlackClock "0:02:33"]

1. e4 c5 2. Nc3 a6 3. g3 b5 4. Bg2 Bb7 5. d3 e6 6. Nge2 Nf6 7. O-O b4 8. Nb1 d5 9. e5 Nfd7 10. f4 Nc6 11. Be3 a5 12. Nd2 Be7 13. d4 Ba6 14. Nf3 Qb6 15.
Re1 Rc8 16. Kh1 h5 17. h4 g6 18. dxc5 Bxc5 19. Ned4 Kf8 20. Bh3 Nxd4 21. Bxd4 Bxd4 22. Nxd4 Nc5 23. Bg2 Kg7 24. Qd2 Ne4 25. Bxe4 dxe4 26. Kh2 Rhd8 27. Rad1 Kh7 28. Rxe4 Bb7 29. Re2 Rc4 30. c3 bxc3 31. bxc3 Qc7 32. Rb1 Ba8 33. Re3 Rdxd4 34. cxd4 Rc2 35. Re2 Rxd2 36. Rxd2 Qc3 37. Rbb2 Qf3 38. Rb1 Be4 39. Re1 Bf5 40. d5 exd5 41. Rg1 Qg4 42. Kg2 Qh3+ 43. Kf2 Be4 44. Ke3 Qd7 45. Rc1 Qg4 46. Rc7 Qxg3+ 47. Kd4 Qg1+ 0-1

[Event "Championnat de France Universitaire Nan"]
[Site "Nancy, France"]
[Date "2020.02.08"]
[Round "3.3"]
[White "Gatineau, Yovann"]
[Black "Lambert, Thomas"]
[Result "1/2-1/2"]
[WhiteElo "2381"]
[BlackElo "1988"]
[PlyCount "49"]
[EventDate "2020.??.??"]
[TimeControl "15+5"]
[WhiteClock "0:08:19"]
[BlackClock "0:04:55"]

1. d4 d5 2. c4 c6 3. Nc3 Nf6 4. e3 Bf5 5. Nf3 e6 6. Nh4 Be4 7. f3 Bg6 8. Qb3 Qc7 9. Bd2 Nbd7 10. cxd5 exd5 11. e4 dxe4 12. Nxg6 hxg6 13. fxe4 Nb6 14. O-O-O O-O-O 15. Be3 Ng4 16. Bg1 Qf4+ 17. Kb1 Nf2 18. Bxf2 Qxf2 19. d5 cxd5 20. Nxd5 Nxd5 21. Rxd5 Qe1+ 22. Kc2 Qxe4+ 23. Rd3 Rxd3 24. Qxd3 Qxd3+ 25.
Bxd3 1/2-1/2

[Event "Championnat de France Universitaire Nan"]
[Site "Nancy, France"]
[Date "2020.02.08"]
[Round "3.4"]
[White "Chung, Mathilde"]
[Black "Daeschler, Florian"]
[Result "0-1"]
[WhiteElo "2089"]
[BlackElo "2327"]
[PlyCount "70"]
[EventDate "2020.??.??"]
[TimeControl "15+5"]
[WhiteClock "0:00:22"]
[BlackClock "0:02:22"]

1. d4 d5 2. c4 e6 3. Nf3 Nf6 4. Nc3 Be7 5. Bf4 O-O 6. e3 b6 7. cxd5 Nxd5 8.
Nxd5 Qxd5 9. a3 c5 10. dxc5 Qxc5 11. Rc1 Qa5+ 12. Qd2 Qxd2+ 13.
Nxd2 Na6 14. Bb5 Bb7 15. O-O Rac8 16. b4 Rfd8 17. Nb3 Bf6 18. h3 e5 19. Bg3 Nc7 20. Be2 Ne6 21. Rfd1 Rxc1 22. Rxc1 Bd5 23. Rb1 g6 24. a4 h5 25. f3 e4 26. f4 Ng7 27. a5 Nf5 28. Bf2 h4 29. Nd2 Rc8 30. Nb3 Rc3 31. Nd4 Bxd4 32. exd4 e3 33. Be1 Rc2 34. Bd3 Rxg2+ 35. Kf1 e2+ 0-1

[Event "Championnat de France Universitaire Nan"]
[Site "Nancy, France"]
[Date "2020.02.08"]
[Round "3.5"]
[White "Defromont, Benjamin"]
[Black "Thiercelin, Jerome"]
[Result "1-0"]
[WhiteElo "2263"]
[BlackElo "2013"]
[PlyCount "104"]
[EventDate "2020.??.??"]
[TimeControl "15+5"]
[WhiteClock "0:01:13"]
[BlackClock "0:00:11"]

1. e4 c5 2. Nf3 e6 3. g3 Nc6 4. Bg2 Nf6 5. Qe2 d5 6. exd5 Nxd5 7. O-O Be7 8.
d3 O-O 9. Nbd2 Nd4 10. Nxd4 cxd4 11. Nf3 Bf6 12. h4 h6 13. Nh2 e5 14. Ng4 Bxg4 15. Qxg4 Nb4 16. Bd2 Nc6 17. Be4 Re8 18. Bxh6 Ne7 19. Bd2 Qc8 20. Qxc8 Raxc8 21. c4 dxc3 22. bxc3 b6 23. a4 Nc6 24. Kg2 Red8 25. Kf3 Na5 26. Rfb1 Rc7 27. Ke2 Nb7 28. h5 Nc5 29. Bf5 Rc6 30. Be3 Be7 31. a5 g6 32. hxg6 fxg6 33. Bxc5 Bxc5 34. Be4 Rcd6 35. axb6 axb6 36. Ra7 R6d7 37. Rba1 Kg7 38. R7a6 Rf8 39. f3 Rh8 40. Ra7 Rh2+ 41. Kd1 Rh1+ 42. Kc2 Rxa7 43. Rxa7+ Kf6 44. Rc7 Rh6 45. Rc6+ Kf7 46. Bd5+ Kg7 47. Re6 Rh2+ 48. Kb3 Rh5 49. g4 Rh1 50. Rxe5 Ra1 51. Re6 Ra3+ 52. Kc2 g5 1-0

[Event "Championnat de France Universitaire Nan"]
[Site "Nancy, France"]
[Date "2020.02.08"]
[Round "3.6"]
[White "Budak, Rewi"]
[Black "Bedini, Lucas"]
[Result "1-0"]
[WhiteElo "2079"]
[BlackElo "1932"]
[PlyCount "71"]
[EventDate "2020.??.??"]
[TimeControl "15+5"]
[WhiteClock "0:00:46"]
[BlackClock "0:05:00"]

1. e4 e5 2. Bc4 Nf6 3. d4 d6 4. dxe5 dxe5 5. Bxf7+ Ke7 6. Qxd8+ Kxd8 7. Nd2 Nc6 8. f3 Nd4 9. Kd1 Bc5 10. a4 Ke7 11. Bc4 Rd8 12. c3 Ne6 13.
Ne2 Be3 14. Kc2 c6 15. b4 Bd7 16. Nb3 Bxc1 17. Nexc1 b5 18. axb5 cxb5 19. Bf1 Ne8 20. Nd3 Kf6 21. Ndc5 Nd6 22. Ra6 Bc8 23. Ra5 Nc4 24. Bxc4 bxc4 25. Nd2 Nf4 26. g3 Ng2 27. Nxc4 Bh3 28. Ra6+ Kg5 29. Kb3 Rac8 30. Rxa7 Rxc5 31. bxc5 Be6 32. Kb4 Rd3 33. Nxe5 Rd2 34. h4+ Kf6 35. Ng4+ Kg6 36. h5+ 1-0

[Event "Championnat de France Universitaire Nan"]
[Site "Nancy, France"]
[Date "2020.02.08"]
[Round "3.7"]
[White "Noir, Mathys"]
[Black "Ginovart, Axel"]
[Result "1-0"]
[WhiteElo "1883"]
[BlackElo "2164"]
[PlyCount "39"]
[EventDate "2020.??.??"]
[TimeControl "15+5"]
[WhiteClock "0:09:59"]
[BlackClock "0:09:00"]

1. e4 c5 2. d4 cxd4 3. c3 dxc3 4. Nxc3 d6 5. Nf3 Nc6 6. Bc4 Nf6 7. e5 dxe5 8.
Qxd8+ Nxd8 9. Nb5 Be6 10. Nc7+ Kd7 11. Nxa8 Bxc4 12. Nxe5+ Kc8 13. Nxc4 Kb8 14. Bf4+ Kxa8 15. O-O-O Ne6 16. Rhe1 b5 17. Na5 a6 18. Rxe6 fxe6 19. Rd8+ Ka7
20. Be3# 1-0

[Event "Championnat de France Universitaire Nan"]
[Site "Nancy, France"]
[Date "2020.02.08"]
[Round "3.8"]
[White "Leveque, Guillaume"]
[Black "Marchais, Antoine"]
[Result "1-0"]
[WhiteElo "2063"]
[BlackElo "2010"]
[PlyCount "57"]
[EventDate "2020.??.??"]
[TimeControl "15+5"]
[WhiteClock "0:02:25"]
[BlackClock "0:06:53"]

1. e4 e6 2. d4 d5 3. exd5 exd5 4. Nf3 Bd6 5. c3 Nc6 6. h3 Nge7 7. Bd3 Bf5 8.
O-O Qd7 9. a4 f6 10. Re1 O-O-O 11. b4 h5 12. a5 g5 13. b5 Nb8 14. Ba3 g4 15.
Nh4 Bxd3 16. Qxd3 Rhg8 17.
Bxd6 Qxd6 18. Nd2 Rg5 19. b6 cxb6 20. axb6 a6 21. c4 Qd7 22.
Rac1 Nbc6 23. cxd5 Nxd5 24. Ne4 Ndb4 25. Qg3 gxh3 26. Nxg5 fxg5 27. Ng6 hxg2 28. Ne7+ Qxe7 29. Rxe7 1-0

[Event "Championnat de France Universitaire Nan"]
[Site "Nancy, France"]
[Date "2020.02.08"]
[Round "4.1"]
[White "Leveque, Guillaume"]
[Black "Rakotomaharo, Fy Antenaina"]
[Result "0-1"]
[WhiteElo "2063"]
[BlackElo "2430"]
[PlyCount "102"]
[EventDate "2020.??.??"]
[TimeControl "15+5"]
[WhiteClock "0:00:36"]
[BlackClock "0:02:19"]

1. e4 c5 2. Nc3 d6 3. f4 g6 4. Nf3 Bg7 5. Bc4 Nc6 6. d3 e6 7. O-O Nge7 8.
Qe1 Nd4 9. Nxd4 cxd4 10. Ne2 O-O 11. Bd2 d5 12. Bb3 a5 13. a4 dxe4 14. dxe4 d3 15. Nc3 Nc6 16. Kh1 Nd4 17. Be3 dxc2 18. Bxd4 Qxd4 19. Bxc2 Qb4 20. Rb1 Bd7 21. Qg3 f5 22. exf5 gxf5 23. Rfd1 Bc6 24. Ne2 Rf6 25. Nd4 Bxa4 26. Bxa4 Qxa4 27. b3 Qb4 28. Qe3 Qb6 29. Rbc1 Rd8 30. h3 Rf7 31. Nxf5 Rxd1+ 32. Rxd1 Qxe3 33. Nxe3 Rxf4 34. Rd8+ Rf8 35. Rd7 Rf7 36. Rd8+ Bf8 37. Nc4 Kg7 38. Nxa5 Rc7 39. Kh2 Be7 40. Rd3 b5 41. Kg3 Bb4 42. Re3 Bxa5 43. Rxe6 Rc3+ 44. Kf4 Rxb3 45. g4 Rxh3 46. Ra6 Bd2+ 47. Kf5 Rf3+ 48. Ke4 Rf4+ 49. Kd3 Be1 50. Rb6 b4 51. g5 Bc3 0-1

[Event "Championnat de France Universitaire Nan"]
[Site "Nancy, France"]
[Date "2020.02.08"]
[Round "4.2"]
[White "Msellek, Ilyass"]
[Black "Pak, Alexander"]
[Result "1-0"]
[WhiteElo "2261"]
[BlackElo "2183"]
[PlyCount "63"]
[EventDate "2020.??.??"]
[TimeControl "15+5"]
[WhiteClock "0:07:11"]
[BlackClock "0:06:30"]

1. e4 c5 2. Nf3 d6 3. Bb5+ Bd7 4. Bxd7+ Qxd7 5. O-O Nf6 6. Re1 Nc6 7. c3 e5 8. d4 cxd4 9. cxd4 exd4 10. Nxd4 Nxd4 11. Qxd4 Be7 12. Nc3 O-O 13. b3 Bd8 14. Bb2 Bb6 15. Qd2 Rad8 16. Na4 Ne8 17. Nxb6 axb6 18. Qd4 Qb5 19. Re3 f6 20. a4 Qa6 21. Qd5+ Kh8 22. Qh5 Nc7 23.
Rh3 h6 24. Qg6 Qe2 25. Rxh6+ gxh6 26. Bxf6+ Rxf6 27. Qxf6+ Kh7 28.
Qe7+ Kg6 29. Qxd8 Ne6 30. Qxd6 Qxe4 31. Qxb6 Kf7 32. Qe3 1-0